 Dungeon Crawl Stone Soup version 0.25-a0-661-g55ea3d2053 (webtiles) character file.

Game seed: 6631592049629080715, levelgen mode: deterministic

16412 MisterFreud the Nimble (level 12, -1/55 HPs)
             Began as a Felid Enchanter on Mar 23, 2020.
             Was a Follower of Uskayaw.
             Slain by a yak (16 damage)
             ... on level 5 of the Lair of Beasts.
             The game lasted 01:22:11 (27613 turns).

MisterFreud the Nimble (Felid Enchanter)           Turns: 27613, Time: 01:22:12

Health: -1/55      AC:  3    Str:  7    XL:     12   Next: 9%
Magic:  22/25      EV: 31    Int: 17    God:    Uskayaw [*.....]
Gold:   1070       SH:  0    Dex: 18    Spells: 6/27 levels left
                                        Lives:  0   Deaths: 3

rFire    . . .     SeeInvis +     - Unarmed
rCold    + . .     Gourm    .   (shield unavailable)
rNeg     . . .     Faith    +   (armour unavailable)
rPois    +         Spirit   .   (helmet unavailable)
rElec    .         Reflect  .   (cloak unavailable)
rCorr    .         Harm     .   (gloves unavailable)
MR       +....                  (boots unavailable)
Stlth    ++++++....             x - amulet of faith
HPRegen  0.18/turn              p - ring of poison resistance
MPRegen  0.19/turn              q - ring of wizardry

@: studying Stealth, quick
A: very small, no armour, no weapons or thrown items, stealth, claws 1, fangs 3,
see invisible, carnivore, speed 1, shaggy fur 3, slow metabolism 1, sharp paws
a: Stomp, Renounce Religion


You were on level 5 of the Lair of Beasts.
You worshipped Uskayaw.
Uskayaw was noncommittal.
You were completely stuffed.

You visited 3 branches of the dungeon, and saw 18 of its levels.
You also visited: Sewer, Bailey and Gauntlet.

You collected 1070 gold pieces.

Inventory:

Jewellery
 g - an uncursed ring of protection from magic
 p - a ring of poison resistance (left paw)
 q - a ring of wizardry (right paw)
 x - an amulet of faith (around neck)
 E - an uncursed ring of magical power
 J - an uncursed ring of protection from cold
 L - a +3 ring of protection
Wands
 n - a wand of random effects (12)
 o - a wand of scattershot (3)
 v - a wand of polymorph (13)
 B - a wand of disintegration (22)
 I - a wand of digging (9)
 K - a wand of iceblast (6)
 N - a wand of clouds (8)
Scrolls
 c - 4 scrolls of identify
 e - 12 scrolls of remove curse
 f - 3 scrolls of amnesia
 j - 9 scrolls of teleportation
 k - a scroll of random uselessness {unknown}
 m - 3 scrolls of fear
 u - 4 scrolls of fog
 A - a scroll of magic mapping
 G - a scroll of immolation {unknown}
 H - a scroll of silence {unknown}
Potions
 a - 3 potions of lignification
 d - a potion of berserk rage
 h - 3 potions of brilliance
 i - 10 potions of curing
 l - 3 potions of invisibility
 r - 4 potions of ambrosia
 s - 3 potions of mutation
 t - a potion of stabbing
 w - a potion of resistance
 z - 3 potions of magic
 C - 2 potions of haste
 D - a potion of might
 F - 2 potions of flight
 P - a potion of heal wounds
Books
 y - a manual of Stealth
Miscellaneous
 M - a phial of floods
Comestibles
 b - 28 rations
 O - 4 chunks of flesh


   Skills:
 - Level 8.0 Fighting
 * Level 14.3 Dodging
 - Level 12.1 Stealth
 - Level 8.0 Unarmed Combat
 - Level 8.0 Spellcasting
 - Level 12.0 Hexes
 + Level 6.4 Transmutations
 + Level 5.3 Earth Magic
 - Level 6.1 Invocations
 * Level 7.3 Evocations


You had 6 spell levels left.
You knew the following spells:

 Your Spells              Type           Power        Failure   Level  Hunger
a - Invisibility          Hex            #####...     4%          6    ######.
b - Ensorcelled Hibernat  Hex/Ice        ####..       1%          2    None
c - Confusing Touch       Hex            #####...     1%          3    #......
d - Tukima's Dance        Hex            #####...     1%          3    #......
e - Apportation           Tloc           #.....       4%          1    None
f - Statue Form           Tmut/Erth      ####.....    47%         6    ######.

Your spell library contained the following spells:

 Spells                   Type           Power        Failure   Level  Hunger
 Corona                   Hex            #####..      1%          1    None
 Dazzling Flash           Conj/Hex       ####..       1%          3    #......
 Inner Flame              Hex/Fire       ####....     1%          3    #......
 Fulminant Prism          Conj/Hex       ####......   3%          4    ###....
 Animate Skeleton         Necr           N/A          4%          1    None
 Foxfire                  Conj/Fire      #...         4%          1    None
 Magic Dart               Conj           #...         4%          1    None
 Summon Butterflies       Summ           #.......     4%          1    None
 Summon Small Mammal      Summ           #...         4%          1    None
 Searing Ray              Conj           #.....       6%          2    None
 Conjure Flame            Conj/Fire      #.......     12%         3    #......
 Lesser Beckoning         Tloc           #.........   12%         3    #......
 Alistair's Intoxication  Tmut/Pois      ###.....     30%         5    #####..
 Irradiate                Conj/Tmut      ###.......   30%         5    #####..
 Iskenderun's Mystic Bla  Conj/Tloc      #.......     38%         4    ###....
 Sticky Flame             Conj/Fire      #.......     38%         4    ###....
 Hydra Form               Tmut           ####......   41%         6    ######.
 Fireball                 Conj/Fire      #.........   71%         5    #####..
 Dragon Form              Tmut           ####......   91%         7    #######


Dungeon Overview and Level Annotations

Branches:
Dungeon (11/15)            Temple (1/1) D:6            Lair (6/6) D:11
  Swamp (0/4) Lair:3        Snake (0/4) Lair:3          Orc (0/2) D:10
  Sewer (visited)          Bailey (visited)         Gauntlet (visited)
  Slime: Lair:5-6

Altars:
Ashenzari
Cheibriados
Dithmenos
Elyvilon
Fedhas
Gozag
Hepliaklqana
Makhleb
Nemelex Xobeh
Okawaru
Qazlal
Ru
Sif Muna
Trog
Uskayaw
Vehumet
Xom
Yredelemnul
Zin
The Shining One

Shops:
D:11 =

Annotations:
D:3 1 runed translucent door
D:10 2 transporters, VincentAMV's ghost, journeyman GrFi
D:11 3 runed translucent doors, Scuka's ghost, journeyman DsGl
Lair:3 exclusion: 3 oklob plants


Innate Abilities, Weirdness & Mutations

You cannot wear armour.
You are incapable of wielding weapons or throwing items.
Your paws allow you to move quietly. (Stealth)
You have sharp claws.
You have razor-sharp teeth.
You have supernaturally acute eyesight. (SInv)
You are carnivorous and can eat meat at any time.
You cover ground quickly.
Your thick and shaggy fur keeps you warm. (AC +3, rC+)
You have a slow metabolism.
Your sharp claws are effective at attacking unaware monsters.


Message History

There is a stone staircase leading up here.
The yak bellows!
The yak completely misses the fungus.
The dream sheep ruffles its wool and motes of dream dust sparkle, to no effect.
The yak gores you!
You climb upwards.
You feel yourself speed up.
There is a stone staircase leading down here.
Casting: Confusing Touch (safe; 1% risk of failure)
Confirm with . or Enter, or press ? or * to list all spells.
Your paws begin to glow red.
The yak completely misses you. The yak gores you!!
* * * LOW HITPOINT WARNING * * *
Casting: Confusing Touch (safe; 1% risk of failure)
Confirm with . or Enter, or press ? or * to list all spells.
Okay, then.
You scratch the yak but do no damage.
The yak appears confused.
You claw the yak.
The yak is lightly wounded.
The yak gores you!
You die...

##.###.###............###.###
#...##.##..#.#......P###....#
#............#.......###.....
###...................##....#
##P......#......#..P#..#.P#
##...#..#.........###.####
#...#.................###
##.PP..Y..........#...##.
#..P....@............##.#
#.##.....Y..P.......#..#.
#####...............###.P
##.......#.......#...
#.......####.........
##...P.## #...###P... ##...##
#...######. #..## #P...# ##.
##..# #...## #..


You could see 2 yaks.

Vanquished Creatures
  3 hydras
  A two-headed ogre (D:11)
  2 death yaks
  An unseen horror (D:11)
  A flayed ghost (D:9)
  Pikel (D:9)
  A manticore (D:11)
  A cyclops (D:11)
  2 ugly things (D:11)
  3 elephants (Lair:6)
  A black mamba (Lair:3)
  A torpor snail (Lair:5)
  10 spiny frogs
  7 komodo dragons
  A rime drake (Lair:4)
  2 polar bears
  A troll (D:9)
  27 blink frogs
  17 dream sheep
  6 hippogriffs
  A spriggan (D:7)
  3 wyverns
  4 wraiths (D:9)
  25 yaks
  8 fire bats (D:9)
  2 basilisks
  4 hungry ghosts
  A swamp worm (Lair:3)
  13 water moccasins
  10 porcupines
  6 orc warriors
  A sky beast (D:7)
  A slave (D:8)
  7 black bears
  5 ogres
  12 wolves
  6 centaurs
  4 phantoms
  An ice beast (D:10)
  11 crocodiles
  9 bullfrogs
  A scorpion (D:11)
  16 killer bees
  2 troll zombies (D:10)
  7 wights
  A howler monkey (D:11)
  4 crimson imps
  A bullfrog zombie (D:6)
  4 quasits
  4 hounds
  A centaur skeleton (D:10)
  7 orc priests
  2 jellies (D:11)
  13 orc wizards
  7 worker ants
  6 ogre zombies (D:10)
  A hound zombie (D:10)
  3 gnolls (D:2)
  15 adders
  4 shadow imps
  3 worms
  A dart slug (D:1)
  5 leopard geckos
  40 orcs
  9 ball pythons
  13 giant cockroaches
  9 goblins
  10 hobgoblins
  8 jackals
  8 kobolds
  7 quokkas
  87 bats
  11 frilled lizards
  A giant cockroach zombie (D:5)
  A goblin skeleton (D:10)
  7 goblin zombies (D:10)
  2 hobgoblin skeletons (D:10)
  A hobgoblin zombie (D:10)
  A jackal skeleton (D:3)
  A leopard gecko skeleton (D:6)
  3 orc skeletons (D:10)
  11 orc zombies (D:10)
  A quokka zombie (D:6)
  11 rats
573 creatures vanquished.

Vanquished Creatures (others)
  A dancing weapon (D:7)
  3 slaves (D:9)
  A wight (D:9)
  2 bushes (D:11)
  33 fungi
  21 plants
61 creatures vanquished.

Grand Total: 634 creatures vanquished

Notes
Turn   | Place    | Note
-------+----------+-------------------------------------------
     0 | D:1      | MisterFreud the Felid Enchanter began the quest for the
                  | Orb.
     0 | D:1      | Reached XP level 1. HP: 7/7 MP: 4/4
     5 | D:1      | Noticed an elephant
    10 | D:1      | Noticed a four-headed hydra
   133 | D:1      | Reached skill level 1 in Fighting
   380 | D:1      | Reached XP level 2. HP: 12/13 MP: 6/6
   940 | D:1      | Learned a level 2 spell: Ensorcelled Hibernation
  1450 | D:2      | Reached XP level 3. HP: 16/16 MP: 7/7
  2289 | D:2      | Found a sparkling altar of Nemelex Xobeh.
  3340 | D:2      | Reached XP level 4. HP: 11/21 MP: 1/8
  4051 | D:3      | Found a runed translucent door.
  4051 | D:3      | Noticed a human
  4121 | D:3      | Learned a level 3 spell: Confusing Touch
  4124 | D:3      | Found a basalt altar of Yredelemnul.
  4292 | D:3      | Reached skill level 3 in Dodging
  4472 | D:3      | Reached XP level 5. HP: 24/24 MP: 9/9
  4907 | D:4      | Noticed an ogre
  4963 | D:4      | Noticed an ogre
  4975 | D:4      | Killed an ogre
  5095 | D:4      | Reached skill level 4 in Dodging
  5108 | D:4      | Gained mutation: You are covered in thick fur. (AC +2)
                  | [Felid growth]
  5108 | D:4      | Reached XP level 6. HP: 18/28 MP: 1/10
  5134 | D:4      | Found a glowing drain.
  5138 | Sewer    | Entered a sewer
  5709 | Sewer    | Reached skill level 5 in Dodging
  5994 | D:4      | Reached skill level 6 in Dodging
  5994 | D:4      | Reached XP level 7. HP: 30/32 MP: 6/11
  6818 | D:4      | Learned a level 3 spell: Tukima's Dance
  6830 | D:5      | Entered Level 5 of the Dungeon
  6868 | D:5      | Found an opulent altar of Gozag.
  7190 | D:5      | Reached skill level 5 in Stealth
  7436 | D:5      | Reached skill level 1 in Evocations
  7869 | D:6      | Found a staircase to the Ecumenical Temple.
  7879 | Temple   | Entered the Ecumenical Temple
  7896 | Temple   | Became a worshipper of Uskayaw the Reveler
  7939 | D:6      | Reached * piety under Uskayaw
  7941 | D:6      | Reached skill level 7 in Dodging
  7942 | D:6      | Reached ** piety under Uskayaw
  8247 | D:6      | Learned a level 1 spell: Apportation
  8279 | D:6      | Reached skill level 5 in Fighting
  8279 | D:6      | Reached XP level 8. HP: 37/37 MP: 12/12
  8395 | D:6      | Found a snail-covered altar of Cheibriados.
  8468 | D:6      | Reached skill level 5 in Unarmed Combat
  9435 | D:7      | Reached *** piety under Uskayaw
  9436 | D:7      | Reached **** piety under Uskayaw
  9451 | D:7      | Reached ***** piety under Uskayaw
  9675 | D:7      | Reached skill level 8 in Dodging
  9805 | D:7      | Found a snail-covered altar of Cheibriados.
 10003 | D:7      | Reached XP level 9. HP: 41/41 MP: 7/13
 11062 | D:8      | Found a flagged portal.
 11077 | Bailey   | Entered a bailey
 11090 | Bailey   | Noticed an orc warlord
 11294 | D:8      | Reached skill level 9 in Dodging
 11294 | D:8      | Reached skill level 5 in Evocations
 11319 | D:8      | Found a radiant altar of Vehumet.
 11565 | D:8      | Reached skill level 10 in Dodging
 11569 | D:8      | Reached skill level 1 in Invocations
 11694 | D:9      | Noticed Pikel
 12094 | D:9      | Reached skill level 5 in Hexes
 12105 | D:9      | Reached skill level 10 in Stealth
 12246 | D:9      | Killed Pikel
 12246 | D:9      | Reached XP level 10. HP: 28/45 MP: 7/14
 12532 | D:9      | Found a shimmering blue altar of Sif Muna.
 13505 | D:9      | Found a sacrificial altar of Ru.
 14002 | D:9      | Found a hide-covered altar of Uskayaw.
 14324 | D:9      | Found a runed translucent door.
 14324 | D:9      | Noticed a flayed ghost
 14342 | D:9      | Killed a flayed ghost
 14342 | D:9      | Reached skill level 5 in Invocations
 14358 | D:9      | Found a glowing golden altar of the Shining One.
 14450 | D:9      | Found a blossoming altar of Fedhas.
 14486 | D:9      | Found a burning altar of Makhleb.
 15186 | D:9      | Found a hazy altar of Hepliaklqana.
 15246 | D:9      | Found a shimmering altar of Xom.
 15527 | D:9      | Learned a level 6 spell: Invisibility
 15561 | D:10     | Entered Level 10 of the Dungeon
 15748 | D:10     | Found a transporter.
 15752 | D:10     | Noticed VincentAMV's ghost (journeyman GrFi)
 15759 | D:10     | Found a transporter.
 16109 | D:10     | Found a staircase to the Orcish Mines.
 16180 | D:10     | Found a shimmering blue altar of Sif Muna.
 16360 | D:10     | Reached XP level 11. HP: 48/48 MP: 15/19
 16524 | D:10     | Reached skill level 5 in Spellcasting
 17380 | D:10     | Reached skill level 10 in Hexes
 17608 | D:10     | Learned a level 6 spell: Statue Form
 17749 | D:11     | Found a gate leading to a gauntlet.
 17760 | Gauntlet | Entered a Gauntlet
 17760 | Gauntlet | Found a transporter.
 17760 | Gauntlet | Found a transporter.
 17760 | Gauntlet | Found a transporter.
 17760 | Gauntlet | Noticed a death scarab
 17785 | Gauntlet | Found a transporter.
 17798 | Gauntlet | Found a transporter.
 17801 | Gauntlet | Found a transporter.
 17802 | Gauntlet | Noticed a queen ant
 17815 | Gauntlet | Found a transporter.
 17834 | Gauntlet | Found a transporter.
 17838 | Gauntlet | Found a runed translucent door.
 17853 | Gauntlet | Found a transporter.
 17853 | Gauntlet | Found a transporter.
 17854 | Gauntlet | Noticed an oklob plant
 17861 | Gauntlet | Found a transporter.
 17864 | Gauntlet | Found a transporter.
 17946 | D:11     | Mangled by a cyclops
 17947 | D:11     | Reached XP level 10. HP: -6/45 MP: 18/19
 17947 | D:11     | Found a runed translucent gate.
 17947 | D:11     | Found a runed translucent gate.
 17947 | D:11     | Found a runed translucent gate.
 17947 | D:11     | Found Kusuyt Fesi's Jewellery Shoppe.
 17947 | D:11     | Noticed a ten-headed hydra
 17947 | D:11     | Noticed Scuka's ghost (journeyman DsGl)
 17963 | D:11     | Noticed a manticore
 17991 | D:11     | Killed a manticore
 18051 | D:11     | Noticed an unseen horror
 18073 | D:11     | Killed an unseen horror
 18101 | D:11     | Found a staircase to the Lair.
 18291 | D:11     | Noticed a green ugly thing
 18306 | D:11     | Killed a green ugly thing
 18575 | D:11     | Killed a cyclops
 18755 | D:11     | Noticed a six-headed hydra
 18835 | D:11     | Reached XP level 11. HP: 37/49 MP: 21/21
 18851 | D:11     | Killed a six-headed hydra
 19363 | D:11     | Noticed a red ugly thing
 19365 | D:11     | Noticed a two-headed ogre
 19426 | D:11     | Killed a red ugly thing
 19657 | D:11     | Killed a two-headed ogre
 19763 | Lair:1   | Entered Level 1 of the Lair of Beasts
 21221 | Lair:2   | Reached skill level 1 in Transmutations
 21228 | Lair:2   | Reached skill level 1 in Earth Magic
 21591 | Lair:2   | Gained mutation: Your thick and shaggy fur keeps you warm.
                  | (AC +3, rC+) [Felid growth]
 21591 | Lair:2   | Reached XP level 12. HP: 55/55 MP: 20/25
 21822 | Lair:2   | Reached skill level 11 in Dodging
 22512 | Lair:3   | Noticed a seven-headed hydra
 22651 | Lair:3   | Found a staircase to the Snake Pit.
 22795 | Lair:3   | HP: 2/55 [water moccasin (9)]
 23030 | Lair:3   | Found a staircase to the Swamp.
 23230 | Lair:3   | You fall into a shaft and drop 3 floors!
 23230 | Lair:6   | Entered Level 6 of the Lair of Beasts
 23307 | Lair:4   | Reached skill level 12 in Dodging
 23830 | Lair:3   | Mangled by a seven-headed hydra
 23831 | Lair:3   | Reached XP level 11. HP: -11/51 MP: 24/24
 23865 | Lair:3   | Killed a seven-headed hydra
 24487 | Lair:4   | Reached skill level 5 in Transmutations
 24502 | Lair:4   | Reached skill level 13 in Dodging
 24510 | Lair:4   | Reached XP level 12. HP: 36/55 MP: 23/25
 24510 | Lair:4   | Reached ****** piety under Uskayaw
 25086 | Lair:5   | Noticed a death yak
 25173 | Lair:5   | Noticed a six-headed hydra
 25676 | Lair:5   | Killed a six-headed hydra
 25677 | Lair:5   | Slain by a death yak
 25678 | Lair:5   | Reached XP level 11. HP: -1/51 MP: 22/24
 25899 | Lair:5   | Killed a death yak
 26190 | Lair:5   | Reached skill level 5 in Earth Magic
 26701 | Lair:5   | Reached skill level 14 in Dodging
 27261 | Lair:6   | Reached XP level 12. HP: 53/55 MP: 20/25
 27280 | Lair:6   | Noticed a catoblepas
 27280 | Lair:6   | Noticed a death yak
 27280 | Lair:6   | Noticed a death yak
 27280 | Lair:6   | Noticed a death yak
 27280 | Lair:6   | Noticed a death yak
 27280 | Lair:6   | Noticed a death yak
 27280 | Lair:6   | Noticed a death yak
 27296 | Lair:6   | Killed a death yak
 27613 | Lair:5   | Slain by a yak

Levels and vault maps discovered:
D:1:      sevenhm_arrival_forest_fort_small_2, layout_basic,
          minmay_stone_trees_small
D:2:      layout_basic, lemuel_coloured_pillars_altar
D:3:      layout_loops_ring, dk_yredelemnul_ordeal
D:4:      layout_loops_ring, gup_sewer_entry_spiral, first_ration,
          minmay_snake_closets
D:5:      layout_basic, nicolae_gozag_seed_capital
D:6:      minmay_general_purpose_star, layout_basic,
          minmay_temple_entry_junction, cheibrodos_worm_habitat
D:7:      layout_basic, kennysheep_little_box, the_bakery
D:8:      layout_loops_ring, nicolae_overflow_crystal_walls, enter_bailey_2,
          minmay_manual_mares
D:9:      due_megacathedral, layout_irregular_city, lemuel_crystal_altar,
          lemuel_blue_sif_altar, uniq_pikel
D:10:     layout_cave_pods, zombieorc2_lemuel, gammafunk_ghost_arena,
          basic_altar
D:11:     layout_long_grid, minmay_lair_entry_grove, serial_shops,
          shop_fountains, gammafunk_ghost_hydra_chop, gauntlet_entry_generic
Temple:   eino_narrow_crystal_temple
Lair:1:   layout_gridlike, chequers_serial_rivers_marsh
Lair:2:   layout_cave_pods
Lair:3:   minmay_lair_oklob_tunnel, layout_regular_city,
          minmay_swamp_entry_worms, dummy_snake_entry
Lair:4:   layout_cave_pods
Lair:5:   layout_loops_ring
Lair:6:   grunt_lair_end_beastmaster, layout_loops_ring,
          dpeg_slime_entry_corner, infiniplex_staircase_pool_2

Skill      XL: |  1  2  3  4  5  6  7  8  9 10 11 12 |
---------------+-------------------------------------+-----
Fighting       | 1 2 3 4 5 6 8 |  8.0
Unarmed Combat | 2 3 4 5 6 8 |  8.0
Dodging        | 3 4 6 7 8 10 14 12 | 14.3
Stealth        | 5 7 10 12 | 12.1
Evocations     | 1 3 5 7 6 |  7.3
Invocations    | 3 6 |  6.1
Hexes          | 6 8 12 | 12.0
Spellcasting   | 6 8 |  8.0
Transmutations | 6 4 |  6.4
Earth Magic    | 5 3 |  5.3

Action                   |  1- 3 |  4- 6 |  7- 9 | 10-12 || total
-------------------------+-------+-------+-------+-------++-------
Melee: Unarmed           |   122 |   160 |   404 |  1001 ||  1687
       Bite              |     9 |    12 |    43 |    95 ||   159
       Punch             |       |     2 |     6 |    25 ||    33
 Cast: Corona            |     4 |       |       |       ||     4
       Ensorcelled Hiber |    25 |    41 |    59 |   163 ||   288
       Confusing Touch   |       |     1 |    30 |    55 ||    86
       Tukima's Dance    |       |       |     7 |       ||     7
       Invisibility      |       |       |       |    15 ||    15
       Apportation       |       |       |       |     1 ||     1
Invok: Stomp             |       |       |       |     7 ||     7
       Line Pass         |       |       |       |     1 ||     1
Evoke: Wand              |       |       |       |    20 ||    20
  Use: Scroll            |     7 |     6 |     7 |     9 ||    29
       Potion            |     2 |       |     2 |     5 ||     9
 Stab: Sleeping          |    17 |    28 |    54 |   110 ||   209
       Confused          |       |     1 |    23 |    52 ||    76
       Distracted        |       |     1 |       |     2 ||     3
       Paralysed         |       |       |     3 |    48 ||    51
       Invisible         |       |       |       |    37 ||    37
  Eat: Chunk             |    12 |    10 |    38 |    65 ||   125
Armor: Skin              |     7 |    15 |    20 |    50 ||    92
Dodge: Dodged            |   132 |   126 |   342 |  1218 ||  1818

Table legend:
 A = Non-vault XP
 B = Vault XP
 C = Vault XP percentage of total XP
 D = Non-vault monster count
 E = Vault monster count
 F = Vault count percentage of total count
                 A         B        C        D         E       F
            +---------+---------+-------+---------+---------+-------
      Total |   48331 |    8699 |  15.3 |     452 |     120 |  21.0
            +---------+---------+-------+---------+---------+-------
        D:1 |      40 |       0 |   0.0 |      23 |       0 |   0.0
        D:2 |      84 |       0 |   0.0 |      14 |       0 |   0.0
        D:3 |     121 |       1 |   0.8 |      28 |       1 |   3.4
        D:4 |     487 |     107 |  18.0 |      15 |      20 |  57.1
        D:5 |     211 |       0 |   0.0 |      11 |       0 |   0.0
        D:6 |     602 |       8 |   1.3 |      16 |       2 |  11.1
        D:7 |    1500 |     229 |  13.2 |      36 |       1 |   2.7
        D:8 |     707 |     224 |  24.1 |       9 |       2 |  18.2
        D:9 |    3816 |    2182 |  36.4 |     114 |       6 |   5.0
       D:10 |    2501 |     643 |  20.5 |      30 |      36 |  54.5
       D:11 |    5435 |    1884 |  25.7 |      22 |      12 |  35.3
     Lair:1 |    5506 |       0 |   0.0 |      22 |       0 |   0.0
     Lair:2 |    3850 |       0 |   0.0 |      19 |       0 |   0.0
     Lair:3 |    4044 |     297 |   6.8 |      15 |       2 |  11.8
     Lair:4 |    7142 |       0 |   0.0 |      30 |       0 |   0.0
     Lair:5 |   10525 |     232 |   2.2 |      41 |       2 |   4.7
     Lair:6 |    1760 |    2646 |  60.1 |       7 |       7 |  50.0
      Sewer |       0 |     224 | 100.0 |       0 |      17 | 100.0
     Bailey |       0 |      22 | 100.0 |       0 |      12 | 100.0
            +---------+---------+-------+---------+---------+-------
